Map: Orbital Shipyard

Players

MykoL - Winner!

  • Race: Protoss Protoss
  • League: Gold

Grumm

  • Race: Protoss Protoss
  • League: Gold

VOD

Have the link to the VOD?

Description

Time

  • Played on: Feb. 14, 2016, 2:46 p.m.
  • Length: 15:22
Show
View Real Time Build Order
Export as new Build Order

MykoL Protoss - Winner!

Build Orders: Dark Templar Rush 

Get SALT Encoding   

  12  0:00  Probe (Chrono Boost)  
  13  0:11  Probe (Chrono Boost)  
  14  0:18  Pylon  
  14  0:22  Probe (Chrono Boost)  
  15  0:36  Probe (Chrono Boost)  
  15  0:38  Gateway  
  16  0:44  Assimilator  
  16  0:47  Probe (Chrono Boost)  
  17  0:57  Probe (Chrono Boost)  
  18  1:08  Probe (Chrono Boost)  
  19  1:15  Assimilator  
  20  1:18  Pylon, Probe (Chrono Boost)  
  20  1:25  Cybernetics Core  
  20  1:29  Probe (Chrono Boost)  
  21  1:39  Probe (Chrono Boost)  
  24  1:50  Probe (Chrono Boost)  
  23  2:04  Nexus  
  23  2:07  Warp Gate (Chrono Boost)  
  22  2:14  Mothership Core (Chrono Boost)  
  24  2:28  Twilight Council  
  24  2:35  Gateway  
  24  2:38  Probe  
  25  2:51  Probe  
  26  3:00  Gateway  
  26  3:02  Pylon  
  26  3:03  Probe  
  27  3:12  Dark Shrine  
  27  3:16  Probe  
  28  3:27  Gateway  
  27  3:41  Probe  
  27  3:45  Probe  
  26  3:53  Probe  
  23  3:56  Probe  
  23  4:01  Zealot  
  23  4:03  Sentry  
  23  4:05  Probe  
  23  4:07  Probe  
  24  4:18  Probe  
  24  4:22  Probe  
  26  4:30  Probe  
  27  4:32  Probe  
  27  4:34  Pylon  
  28  4:42  Probe  
  29  4:45  Probe  
  30  4:54  Pylon, Probe  
  30  4:56  Probe  
  32  5:07  Probe x2  
  32  5:11  Dark Templar  
  36  5:16  Dark Templar  
  38  5:22  Dark Templar  
  35  5:42  Stalker  
  37  5:43  Probe  
  37  5:45  Probe  
  39  5:54  Probe  
  40  5:57  Probe  
  40  6:04  Probe  
  40  6:06  Dark Templar x2  
  40  6:08  Dark Templar  
  40  6:09  Probe  
  46  6:15  Probe  
  46  6:18  Zealot  
  46  6:33  Probe  
  46  6:35  Probe  
  48  6:44  Probe  
  50  6:47  Assimilator, Probe  
  50  6:50  Forge  
  48  6:54  Probe  
  48  6:58  Pylon  
  48  6:59  Stalker, Probe  
  48  7:05  Blink, Probe  
  48  7:08  Pylon  
  46  7:11  Probe  
  44  7:23  Probe  
  44  7:24  Probe  
  44  7:28  Protoss Ground Weapons Level 1 (Chrono Boost)  
  46  7:33  Probe  
  46  7:36  Probe  
  48  7:39  Stalker x2  
  52  7:44  Probe  
  52  7:48  Probe  
  54  7:54  Assimilator, Probe  
  55  8:01  Probe, Zealot x2  
  55  8:04  Zealot x2  
  55  8:05  Probe  
  65  8:13  Probe  
  65  8:16  Probe  
  67  8:25  Probe  
  67  8:26  Probe  
  68  8:28  Robotics Facility  
  63  8:50  Probe  
  63  8:51  Probe  
  63  8:53  Stalker x4  
  73  9:00  Probe  
  74  9:03  Probe  
  74  9:04  Nexus  
  74  9:06  Pylon  
  75  9:11  Probe  
  75  9:12  Protoss Ground Weapons Level 2 (Chrono Boost)  
  75  9:15  Pylon  
  75  9:16  Probe  
  77  9:28  Observer  
  78  9:31  Templar Archives  
  78  9:36  Probe  
  78  9:38  Probe  
  80  9:45  Gateway  
  80  9:47  Gateway  
  80  9:50  Photon Cannon  
  80  9:53  Gateway  
  80  9:56  Stalker  
  80  9:57  Stalker x2  
  78  10:00  Stalker  
  76  10:19  Probe  
  76  10:21  Probe  
  78  10:33  Probe  
  78  10:34  Assimilator  
  79  10:40  Assimilator  
  71  10:51  Probe  
  71  10:52  Probe  
  71  10:56  Probe  
  73  11:01  Probe, Photon Cannon  
  75  11:04  Photon Cannon  
  75  11:05  Photon Cannon  
  75  11:10  Photon Cannon  
  75  11:12  Photon Cannon  
  75  11:13  Observer, Photon Cannon  
  76  11:25  Protoss Ground Weapons Level 3 (Chrono Boost)  
  76  11:27  High Templar x2  
  76  11:28  High Templar x4  
  76  11:30  Zealot  
  90  11:34  Psionic Storm  
  90  11:36  Mothership Core  
  92  11:49  Warp Prism  
  94  11:55  Gateway  
  94  11:58  Gateway  
  94  12:01  Gateway, Probe  
  94  12:03  Pylon  
  94  12:08  High Templar x3  
  99  12:09  Zealot x2  
  99  12:10  Zealot x2  
  109  12:19  Probe  
  109  12:21  Probe  
  111  12:43  Stalker  
  111  12:44  Stalker x2  
  115  12:51  Pylon  
  117  12:52  Pylon  
  117  12:54  Pylon  
  117  12:57  Pylon  
  117  12:58  Pylon  
  117  13:00  Pylon  
  111  13:23  Zealot x5  
  111  13:24  Zealot x3  
  111  13:25  Stalker  
  129  13:29  Charge (Chrono Boost)  
  121  14:02  Stalker x3  
  121  14:03  Stalker x5  
  121  14:04  Stalker x2  
  121  14:07  Probe  
  121  14:08  Probe  
  139  14:20  Gateway  
  139  14:26  Gateway  
  139  14:28  Gateway x2  
  139  14:32  Gateway  
  133  14:43  Stalker  
  133  14:45  Stalker x3  
  135  14:46  Stalker x2  
  135  14:47  Stalker  
  135  14:48  Stalker x2  
  135  14:49  Stalker  
  147  14:57  Probe  
  146  15:05  Probe x2  
  148  15:19  Nexus  
Show
View Real Time Build Order
Export as new Build Order

Grumm Protoss 

Build Orders:  

Get SALT Encoding   

  12  0:01  Probe (Chrono Boost)  
  13  0:15  Pylon  
  13  0:18  Probe (Chrono Boost)  
  15  0:28  Probe (Chrono Boost)  
  15  0:36  Gateway  
  15  0:41  Probe (Chrono Boost)  
  16  0:48  Assimilator  
  16  0:55  Probe (Chrono Boost)  
  17  1:08  Probe (Chrono Boost)  
  18  1:16  Assimilator  
  18  1:24  Cybernetics Core  
  18  1:26  Gateway  
  18  1:28  Zealot  
  18  1:31  Probe (Chrono Boost)  
  21  1:38  Pylon  
  21  1:49  Probe (Chrono Boost)  
  22  2:01  Warp Gate  
  22  2:04  Robotics Facility  
  22  2:09  Probe (Chrono Boost)  
  23  2:17  Adept x2  
  23  2:20  Probe (Chrono Boost)  
  28  2:27  Pylon  
  28  2:34  Probe (Chrono Boost)  
  29  2:44  Forge  
  29  2:58  Immortal  
  33  3:04  Mothership Core (Chrono Boost)  
  35  3:36  Warp Prism  
  35  4:05  Probe (Chrono Boost)  
  35  4:08  Protoss Ground Weapons Level 1  
  34  4:21  Nexus  
  34  4:23  Immortal  
  36  4:26  Pylon  
  36  4:27  Gateway  
  36  4:37  Pylon  
  36  4:50  Stalker  
  36  4:52  Stalker  
  40  5:01  Probe (Chrono Boost)  
  40  5:02  Observer  
  42  5:13  Stargate  
  43  5:14  Probe (Chrono Boost)  
  43  5:22  Stalker  
  43  5:23  Stalker  
  43  5:25  Probe (Chrono Boost)  
  44  5:43  Observer (Chrono Boost)  
  44  5:48  Photon Cannon  
  45  5:52  Photon Cannon  
  43  6:24  Probe  
  44  6:31  Stalker x2  
  43  6:39  Photon Cannon  
  43  6:42  Photon Cannon  
  43  6:55  Nexus  
  41  7:09  Stalker x2  
  39  7:17  Adept x2  
  39  7:18  Stalker  
  35  7:56  Stalker  
  35  7:57  Adept x2  
  41  8:00  Void Ray (Chrono Boost)  
  41  8:05  Probe  
  46  8:09  Probe  
  47  8:14  Assimilator  
  47  8:17  Probe  
  47  8:19  Probe  
  49  8:29  Probe  
  49  8:32  Stalker x2  
  49  8:33  Zealot  
  38  8:59  Immortal  
  38  9:00  Void Ray (Chrono Boost)  
  46  9:14  Probe  
  46  9:16  Probe  
  48  9:28  Protoss Ground Armor Level 1  
  48  9:31  Stalker  
  48  9:32  Zealot x2  
  54  9:56  Zealot x3  
  50  10:37  Zealot x3  
  50  10:48  Immortal (Chrono Boost)  
  50  10:49  Void Ray (Chrono Boost), Probe  
  45  10:59  Gateway  
  45  11:00  Gateway  
  45  11:02  Assimilator, Pylon  
  45  11:09  Stalker x2  
  45  11:10  Stalker  
  51  11:19  Probe  
  51  11:20  Probe  
  51  11:21  Void Ray (Chrono Boost)  
  53  11:28  Immortal (Chrono Boost)  
  61  11:35  Pylon  
  61  11:42  Zealot  
  63  11:49  Stalker x2  
  67  11:54  Zealot  
  67  11:57  Adept  
  71  12:26  Void Ray  
  71  12:34  Warp Prism (Chrono Boost)  
  71  12:36  Zealot x3  
  67  13:57  Void Ray  
  65  14:03  Immortal (Chrono Boost)  
  65  14:04  Stalker, Zealot  
  65  14:05  Stalker x3  
  79  14:29  Stalker x3  
  79  14:30  Zealot  
  81  14:32  Zealot  
  53  14:58  Stalker, Probe  
  53  14:59  Stalker x4  
Tags
 
Add a new tag
Caveats
  • Supply blocks, unpowered buildings, or Contaminate may cause inaccurate times.
  • Supply counts are checked every 10 seconds.